 Dungeon Crawl Stone Soup version 0.22.0-16-gc6d26f6 (webtiles) character file.

8927 shmeve the Cleaver (level 11, -6/100 (101) HPs)
             Began as a Minotaur Berserker on Aug 17, 2018.
             Was a High Priest of Trog.
             Mangled by a shadow (7 damage)
             ... on level 11 of the Dungeon.
             The game lasted 00:21:57 (9641 turns).

shmeve the Cleaver (Minotaur Berserker)             Turns: 9641, Time: 00:21:58

HP:   -6/100 (101)  AC: 17    Str: 27    XL:     11   Next: 16%
MP:   10/10         EV: 10    Int:  4    God:    Trog [*****.]
Gold: 498           SH: 13    Dex: 18    Spells: 10/10 levels left

rFire    . . .     SeeInvis .   F - +2 war axe (freeze)
rCold    x . .     Gourm    .   d - +0 shield
rNeg     . . .     Faith    +   I - +0 plate armour
rPois    +         Spirit   .   (helmet restricted)
rElec    .         Reflect  .   i - +0 cloak
rCorr    .         Harm     .   E - +0 pair of gloves
MR       ++...                  B - +0 pair of boots
Stlth    ..........             A - amulet of faith
HPRegen  1.26/turn              h - ring of poison resistance
MPRegen  0.12/turn              t - ring of Zithux Dear {rC- Str+3 Dex+7}

@: berserk cooldown, regenerating, slowed, very slow
A: retaliatory headbutt, horns 2
a: Berserk, Trog's Hand, Brothers in Arms, Renounce Religion


You were on level 11 of the Dungeon.
You worshipped Trog.
Trog was extremely pleased with you.
You were near starving.

You visited 2 branches of the dungeon, and saw 12 of its levels.

You collected 498 gold pieces.

Inventory:

Hand Weapons
 F - a +2 war axe of freezing (weapon)
Missiles
 v - 7 tomahawks (quivered)
Armour
 d - a +0 shield (worn)
 i - a +0 cloak (worn)
 B - a +0 pair of boots (worn)
 E - a +0 pair of gloves (worn)
 I - a +0 plate armour (worn)
Jewellery
 h - a ring of poison resistance (left hand)
 l - an uncursed ring of protection from fire
 t - the ring of Zithux Dear (right hand) {rC- Str+3 Dex+7}
   (You found it on level 4 of the Dungeon)

   [ring of strength]

   It affects your strength (+3).
   It affects your dexterity (+7).
   It makes you vulnerable to cold.
 w - an uncursed ring of resist corrosion
 z - an uncursed ring of poison resistance
 A - an amulet of faith (around neck)
Wands
 C - a wand of digging (17)
 L - a wand of scattershot (7)
 M - a wand of iceblast (8)
Scrolls
 a - 3 scrolls of remove curse
 b - 2 scrolls of blinking {unknown}
 e - 5 scrolls of immolation {unknown}
 f - a scroll of enchant weapon {unknown}
 m - 4 scrolls of amnesia {unknown}
 n - a scroll of fog {unknown}
 o - 3 scrolls of teleportation {unknown}
 q - 2 scrolls of fear {unknown}
 s - 11 scrolls of identify {unknown}
 u - 2 scrolls of noise {unknown}
 y - a scroll of enchant armour {unknown}
 G - a scroll of magic mapping {unknown}
Potions
 g - 2 potions of degeneration {unknown}
 j - 4 potions of curing {unknown}
 k - 2 potions of brilliance {unknown}
 p - a potion of lignification {unknown}
 r - 3 potions of haste {unknown}
 x - a potion of agility {unknown}
 D - 3 potions of heal wounds {unknown}
 H - 2 potions of berserk rage {unknown}
 J - 3 potions of ambrosia {unknown}
 K - a potion of magic {unknown}
 O - a potion of resistance {unknown}
 P - a potion of cancellation {unknown}
Comestibles
 c - 12 rations


   Skills:
 * Level 10.3 Fighting
 * Level 10.4 Axes
 + Level 5.4 Throwing
 + Level 7.4 Armour
 + Level 6.5 Dodging
 * Level 10.3 Shields


You had 10 spell levels left.
You didn't know any spells.
Your spell library was empty.

Dungeon Overview and Level Annotations

Branches:
Dungeon (11/15)            Temple (1/1) D:4            Lair (0/6) D:9
    Orc (0/2) D:10

Altars:
Ashenzari
Cheibriados
Gozag
Hepliaklqana
Kikubaaqudgha
Makhleb
Nemelex Xobeh
Trog
Xom
Yredelemnul
Zin
The Shining One

Shops:
D:7 %*   D:9 (


Innate Abilities, Weirdness & Mutations

You reflexively headbutt those who attack you in melee.
You have a pair of horns on your head.


Message History

* * * LOW HITPOINT WARNING * * *
The deep elf archer shoots an arrow.
You block the arrow. You block the hound zombie's attack.
You slash the hound zombie!
The hound zombie is severely damaged.
You are no longer corroded.
The hound zombie barely misses you. You furiously retaliate!
You headbutt the hound zombie.
The deep elf archer shoots an arrow.
You block the arrow.
You closely miss something. You headbutt something.
The shadow strikes at you from the darkness!
Unknown command.
Your skin crawls.
You feel resistant to hostile enchantments.
You are near starving!
The shadow strikes at you from the darkness!
* * * LOW HITPOINT WARNING * * *
Reactivating autopickup.
The deep elf archer shoots an arrow.
You block the arrow. The shadow hits you!
You die...

.. .. .J ... .#..
.# .. ... ....#
{# #.. #.. .....#
.. #..# #.
......# .# #..#
## #...o .##..# #
..###..##Z...# #
.⌠..e..@W#).# +
..###..)(.# #
#....##)# #
......###'### ##
.....##.....##
##.
....##.......##
#..
#+###.........###
...
.................
...
.................
...


You could see a deep elf archer, an orc warrior, a shadow and a hound zombie.

Vanquished Creatures
  A centaur warrior (D:11)
  Pikel (D:7)
  A cyclops (D:11)
  Joseph (D:9)
  Maurice (D:8)
  3 hippogriffs
  A wyvern (D:10)
  A steam dragon (D:9)
  2 hungry ghosts
  An acid dragon (D:11)
  2 black bears
  8 orc warriors
  2 ice beasts
  2 sky beasts
  4 slaves (D:7)
  5 ogres
  4 phantoms
  6 necrophages (D:10)
  4 centaurs
  A crocodile (D:10)
  A big kobold (D:8)
  A gnoll sergeant (D:5)
  3 bullfrogs
  A wyvern zombie (D:11)
  A wyvern skeleton (D:10)
  5 scorpions
  3 wights (D:10)
  4 killer bees (D:10)
  4 howler monkeys
  An electric eel (D:10)
  A bullfrog zombie (D:11)
  5 crimson imps
  2 hounds
  A gnoll shaman (D:6)
  8 orc priests
  3 bullfrog skeletons
  3 iguanas
  10 worker ants
  6 orc wizards
  A hound zombie (D:10)
  A hound skeleton (D:8)
  2 mummies (D:10)
  A howler monkey zombie (D:5)
  Robin (D:4)
  9 gnolls
  8 adders
  2 shadow imps
  3 oozes
  2 worms
  3 dart slugs
  10 leopard geckos
  31 orcs
  8 bats
  5 giant cockroaches
  21 goblins
  10 hobgoblins
  10 jackals
  9 kobolds
  5 quokkas
  A ball python (D:2)
  13 frilled lizards
  A jackal skeleton (D:8)
  A leopard gecko skeleton (D:7)
  16 rats
  A plant (D:6)
289 creatures vanquished.

Notes
Turn   | Place    | Note
-------+----------+-------------------------------------------
     0 | D:1      | shmeve the Minotaur Berserker began the quest for the Orb.
     0 | D:1      | Reached XP level 1. HP: 19/19 MP: 0/0
   298 | D:1      | Reached XP level 2. HP: 18/27 MP: 1/1
   813 | D:1      | Reached XP level 3. HP: 25/33 MP: 2/2
   987 | D:1      | Reached ** piety under Trog
  1330 | D:1      | Reached skill level 1 in Shields
  1464 | D:2      | Found a glowing silver altar of Zin.
  1713 | D:2      | Noticed a moth of wrath
  1716 | D:2      | Found a bloodstained altar of Trog.
  1827 | D:2      | Reached XP level 4. HP: 40/40 MP: 3/3
  2007 | D:2      | Found a burning altar of Makhleb.
  2095 | D:2      | Found an opulent altar of Gozag.
  2097 | D:2      | Found a hazy altar of Hepliaklqana.
  2097 | D:2      | Found a basalt altar of Yredelemnul.
  2102 | D:2      | Found a snail-covered altar of Cheibriados.
  2396 | D:3      | Found a shattered altar of Ashenzari.
  2399 | D:3      | Reached *** piety under Trog
  2669 | D:3      | Reached XP level 5. HP: 46/46 MP: 4/4
  2991 | D:4      | Found a shattered altar of Ashenzari.
  3021 | D:4      | Found a staircase to the Ecumenical Temple.
  3033 | Temple   | Entered the Ecumenical Temple
  3119 | D:4      | Got a sparkling pewter ring
  3120 | D:4      | Identified the ring of Zithux Dear {rC- Str+3 Dex+7} (You found it on level 4 of the Dungeon)
  3130 | D:4      | Reached skill level 1 in Throwing
  3380 | D:4      | Noticed Robin
  3385 | D:4      | Reached XP level 6. HP: 48/53 MP: 5/5
  3389 | D:4      | Reached **** piety under Trog
  3395 | D:4      | Killed Robin
  3395 | D:4      | Reached skill level 5 in Fighting
  3395 | D:4      | Reached skill level 5 in Axes
  3395 | D:4      | Reached skill level 5 in Shields
  3783 | D:5      | Entered Level 5 of the Dungeon
  3803 | D:5      | Reached XP level 7. HP: 50/61 MP: 6/6
  4060 | D:5      | Found an ancient bone altar of Kikubaaqudgha.
  4135 | D:5      | Found an opulent altar of Gozag.
  4553 | D:6      | Reached XP level 8. HP: 43/70 MP: 7/7
  5117 | D:6      | Reached ***** piety under Trog
  5235 | D:6      | Found a sparkling altar of Nemelex Xobeh.
  5531 | D:6      | Received a gift from Trog
  5777 | D:7      | Noticed Pikel
  5785 | D:7      | Killed Pikel
  5785 | D:7      | Reached skill level 5 in Armour
  5785 | D:7      | Reached XP level 9. HP: 68/79 MP: 8/8
  5957 | D:7      | Found Sucrapta's Assorted Antiques.
  6382 | D:7      | Found Heykar's Food Shop.
  6898 | D:8      | Found a glowing golden altar of the Shining One.
  6971 | D:8      | Reached skill level 5 in Dodging
  7304 | D:8      | Noticed Maurice
  7315 | D:8      | Killed Maurice
  7576 | D:9      | Received a gift from Trog
  7624 | D:9      | Found Zantelust's Weapon Shop.
  7837 | D:9      | Found a shimmering altar of Xom.
  7963 | D:9      | Noticed Joseph
  7965 | D:9      | Found a staircase to the Lair.
  7971 | D:9      | Reached XP level 10. HP: 53/90 MP: 9/9
  7983 | D:9      | Killed Joseph
  8299 | D:10     | Entered Level 10 of the Dungeon
  8450 | D:10     | Received a gift from Trog
  8748 | D:10     | Found a staircase to the Orcish Mines.
  9108 | D:10     | Reached skill level 5 in Throwing
  9323 | D:10     | Reached skill level 10 in Axes
  9334 | D:10     | Reached skill level 10 in Shields
  9336 | D:10     | Reached skill level 10 in Fighting
  9613 | D:11     | Noticed a centaur warrior
  9624 | D:11     | Killed a centaur warrior
  9624 | D:11     | Reached XP level 11. HP: 94/98 MP: 10/10
  9626 | D:11     | Noticed a deep elf archer
  9641 | D:11     | HP: 1/100 [something (22)]
  9641 | D:11     | Mangled by a shadow

Skill      XL: |  1  2  3  4  5  6  7  8  9 10 |
---------------+-------------------------------+-----
Fighting       | 4 5 6 7 8 10 | 10.3
Axes           | 4 5 6 7 8 10 | 10.4
Shields        | 2 4 5 6 7 8 10 | 10.3
Throwing       | 1 2 3 4 5 |  5.4
Armour         | 3 4 5 6 7 |  7.4
Dodging        | 3 4 5 6 |  6.5

Action                   |  1- 3 |  4- 6 |  7- 9 | 10-12 || total
-------------------------+-------+-------+-------+-------++-------
Melee: Hand axe          |    93 |       |       |       ||    93
       Headbutt          |    11 |    23 |    75 |    52 ||   161
       War axe           |    13 |   125 |   242 |   143 ||   523
Throw: Tomahawk          |       |       |    26 |    20 ||    46
Invok: Trog's Hand       |       |     1 |     1 |     2 ||     4
       Berserk           |       |       |     3 |     2 ||     5
  Use: Scroll            |       |       |       |     1 ||     1
  Eat: Chunk             |     3 |     6 |    13 |     5 ||    27
       Ration            |       |       |     3 |     1 ||     4
Armor: Animal skin       |     8 |       |       |       ||     8
       Chain mail        |    52 |   100 |    53 |       ||   205
       Plate armour      |       |       |    44 |    76 ||   120
Dodge: Dodged            |    61 |    62 |    81 |    60 ||   264
Block: Shield            |       |    63 |   142 |   128 ||   333
